 Dungeon Crawl Stone Soup version 0.27.1 (webtiles) character file.

Game seed: 763560835086141028

13512 BOMJPIETVODKU the Severer (level 12, -12/118 HPs)
             Began as a Hill Orc Fighter on Aug 20, 2021.
             Was an Initiate of Gozag.
             Mangled by a boulder beetle (25 damage)
             ... on level 12 of the Dungeon.
             The game lasted 00:30:00 (16184 turns).

BOMJPIETVODKU the Severer (Hill Orc Fighter)       Turns: 16184, Time: 00:30:01

Health: -12/118    AC: 13    Str: 24    XL:     12   Next: 6%
Magic:  12/12      EV:  6    Int:  8    God:    Gozag
Gold:   1515       SH: 16    Dex: 10    Spells: 11/11 levels left

rFire    . . .     SeeInvis +   a - +1 war axe
rCold    . . .     Faith    .   c - +1 kite shield
rNeg     . . .     Spirit   .   k - +0 chain mail
rPois    +         Reflect  +   y - +1 helmet {SInv}
rElec    .         Harm     .   (no cloak)
rCorr    .         Rampage  .   h - +0 pair of gloves
Will     .....                  (no boots)
Stlth    ..........             o - amulet of reflection
HPRegen  0.29/turn              A - ring of poison resistance
MPRegen  0.13/turn              (no ring)

@: studying Staves
A: no striking features
a: Renounce Religion, Potion Petition, Call Merchant, Bribe Branch


You were on level 12 of the Dungeon.
You worshipped Gozag.
Gozag was most pleased with you.
You visited 2 branches of the dungeon, and saw 13 of its levels.

You collected 2205 gold pieces.
You spent 80 gold pieces at shops.
You paid 610 gold pieces to Gozag.

Inventory:

Hand Weapons
 a - a +1 war axe (weapon)
 d - a +2 scimitar of flaming
Missiles
 i - 8 javelins (quivered)
 n - a throwing net
 p - 28 poisoned darts
Armour
 b - a +0 scale mail
 c - a +1 kite shield (worn)
 h - a +0 pair of gloves (worn)
 k - a +0 chain mail (worn)
 y - a +1 helmet of see invisible (worn)
Jewellery
 f - a ring of resist corrosion
 l - an amulet of magic regeneration
 o - an amulet of reflection (around neck)
 z - a ring of fire
 A - a ring of poison resistance (left hand)
Wands
 j - a wand of iceblast (18)
 t - a wand of flame (28)
 G - a wand of polymorph (8)
 H - a wand of mindburst (14)
Scrolls
 g - 5 scrolls of teleportation
 m - 4 scrolls of magic mapping
 u - 3 scrolls of fear
 v - a scroll of enchant weapon
 w - a scroll of enchant armour
 C - 4 scrolls of blinking
 D - 8 scrolls of identify
Potions
 e - 2 potions of brilliance
 q - 4 potions of degeneration
 r - a potion of resistance
 s - 2 potions of attraction
 x - 2 potions of curing
 B - 2 potions of mutation
 E - a potion of flight
 F - a potion of invisibility


   Skills:
 * Level 14.5 Fighting
 - Level 16.0 Axes
 - Level 1.0 Throwing
 + Level 5.5 Armour
 + Level 5.1 Shields
 * Level 3.2 Evocations


You had 11 spell levels left.
You didn't know any spells.
Your spell library contained the following spells:

 Spells                   Type           Power      Damage    Failure   Level
 Beastly Appendage        Tmut           0%         N/A       100%        1
 Sandblast                Erth           0%         2d4       100%        1
 Passwall                 Tmut/Erth      0%         N/A       100%        2
 Wereblood                Tmut           0%         N/A       100%        2
 Spider Form              Tmut/Pois      0%         N/A       100%        3
 Lee's Rapid Deconstruct  Erth           0%         3d5*      100%        5


Dungeon Overview and Level Annotations

Branches:
Dungeon (12/15)            Temple (1/1) D:4            Lair (0/6) D:11
    Orc (0/2) D:12

Altars:
Ashenzari
Cheibriados
Dithmenos
Elyvilon
Fedhas
Gozag
Hepliaklqana
Kikubaaqudgha
Makhleb
Nemelex Xobeh
Okawaru
Qazlal
Ru
Sif Muna
Trog
Uskayaw
Vehumet
Wu Jian
Xom
Yredelemnul
Zin
The Shining One
Jiyva

Shops:
D:7 =   D:8 **:


Message History

The boulder beetle bites you!!
You slash the boulder beetle!
The boulder beetle is moderately wounded.
The boulder beetle bites you!
You are too injured to fight recklessly!
You are too injured to fight recklessly!
You are too injured to fight recklessly!
You are too injured to fight recklessly!
You are too injured to fight recklessly!
You are too injured to fight recklessly!
You are too injured to fight recklessly!
You are too injured to fight recklessly!
You are too injured to fight recklessly!
You are too injured to fight recklessly!
You hit the boulder beetle but do no damage.
The boulder beetle is moderately wounded.
The boulder beetle leaps!
You start resting.
A boulder beetle is nearby!
The boulder beetle bites you!
You hit the boulder beetle.
The boulder beetle is heavily wounded.
You block the boulder beetle's attack.
You hit the boulder beetle but do no damage.
The boulder beetle is heavily wounded.
The boulder beetle bites you.
You hit the boulder beetle.
The boulder beetle is heavily wounded.
The boulder beetle bites you.
You hit the boulder beetle but do no damage.
The boulder beetle is heavily wounded.
You hit the boulder beetle.
The boulder beetle is heavily wounded.
The boulder beetle bites you!!
* * * LOW HITPOINT WARNING * * *
You slice the boulder beetle!!
The boulder beetle is severely wounded.
The boulder beetle bites you!!
You die...
Your body crumbles into a pile of gold.

# #.#####... .##B# ....#
♣B.Z# ....# ....# ### ..Z.#
#.. .B.♣# #.###########
##### ..♣8# #.#.>...<@B.#
#...# ...♣#
#.#.####.##$###.#.### ....#
#.#.......#.....#...#
....####.#################B#
....Z....Z......Z...°°B..o.#
.....#######################
♣..### ..## .##


You could see a boulder beetle.

Vanquished Creatures
  Erica (D:11)
  Pikel (D:5)
  A gargoyle (D:11)
  A hornet (D:9)
  2 trolls
  The ghost of StarGazer the Abyss-Baptised, an amateur DsAK of Lugonu (D:5)
  Prince Ribbit (D:5)
  Grinder (D:5)
  A meliai zombie (D:11)
  6 shadows
  2 wraiths
  A vampire (D:11)
  Eustachio (D:4)
  20 yaks
  Grum (D:8)
  3 wyverns
  4 vampire mosquitoes (D:12)
  A basilisk (D:11)
  A steam dragon (D:9)
  6 water moccasins
  A sky beast (D:8)
  An ice beast (D:8)
  8 orc warriors
  3 black bears
  2 centaurs
  An ogre (D:5)
  4 wolves (D:8)
  4 lemures (D:5)
  4 kobold brigands
  2 bullfrogs
  3 scorpions
  A water moccasin skeleton (D:6)
  A troll zombie (D:12)
  11 killer bees
  3 wights (D:10)
  2 electric eels (D:8)
  4 howler monkeys
  A centaur zombie (D:6)
  2 jellies
  6 orc priests
  2 hounds
  A gnoll shaman (D:9)
  2 bullfrog skeletons
  A bullfrog zombie (D:6)
  Ijyb (D:4)
  An iguana (D:11)
  11 orc wizards
  2 ogre zombies (D:12)
  A hound zombie (D:5)
  A howler monkey zombie (D:10)
  5 adders
  7 gnolls
  2 white imps
  An ufetubus (D:5)
  2 worms
  3 dart slugs
  34 orcs
  6 endoplasms
  2 giant cockroaches
  5 goblins
  5 hobgoblins
  4 quokkas
  9 ball pythons
  5 bats
  2 frilled lizards (D:2)
  A goblin skeleton (D:12)
  A hobgoblin skeleton (D:12)
  3 hobgoblin zombies (D:12)
  13 kobolds
  4 orc zombies (D:12)
  8 rats
265 creatures vanquished.

Vanquished Creatures (others)
  An orc wizard (D:9)
  5 fungi (D:11)
  18 plants
24 creatures vanquished.

Grand Total: 289 creatures vanquished

Notes
Turn   | Place    | Note
-------+----------+-------------------------------------------
     0 | D:1      | BOMJPIETVODKU the Hill Orc Fighter began the quest for the
                  | Orb.
     0 | D:1      | Reached XP level 1. HP: 19/19 MP: 1/1
   268 | D:1      | Reached XP level 2. HP: 27/27 MP: 2/2
   489 | D:1      | Reached skill level 3 in Axes
  1013 | D:2      | Reached XP level 3. HP: 33/33 MP: 3/3
  1582 | D:2      | Reached XP level 4. HP: 39/40 MP: 4/4
  1970 | D:3      | Reached skill level 4 in Axes
  2362 | D:3      | Reached XP level 5. HP: 6/47 MP: 5/5
  3238 | D:3      | Found a basalt altar of Yredelemnul.
  3666 | D:4      | Reached skill level 5 in Axes
  3666 | D:4      | Reached skill level 1 in Throwing
  3884 | D:4      | Found a radiant altar of Vehumet.
  3902 | D:4      | Noticed Ijyb
  3906 | D:4      | Found a burning altar of Makhleb.
  3906 | D:4      | Found an iron altar of Okawaru.
  3957 | D:4      | Killed Ijyb
  3958 | D:4      | Reached XP level 6. HP: 55/55 MP: 6/6
  4146 | D:4      | Reached skill level 5 in Fighting
  4146 | D:4      | Reached skill level 6 in Axes
  4164 | D:4      | Found a staircase to the Ecumenical Temple.
  4173 | Temple   | Entered the Ecumenical Temple
  4200 | Temple   | Became a worshipper of Gozag Ym Sagoz the Greedy
  4657 | D:4      | Noticed Eustachio
  4673 | D:4      | Killed Eustachio
  4674 | D:4      | Reached XP level 7. HP: 51/61 MP: 7/7
  4770 | D:5      | Entered Level 5 of the Dungeon
  4808 | D:5      | Reached skill level 7 in Axes
  5202 | D:5      | Noticed Pikel
  5220 | D:5      | Killed Pikel
  5221 | D:5      | Reached skill level 8 in Axes
  5221 | D:5      | Reached skill level 5 in Armour
  5221 | D:5      | Reached skill level 5 in Shields
  5221 | D:5      | Reached XP level 8. HP: 19/70 MP: 8/8
  5488 | D:5      | Found a transporter.
  5493 | D:5      | Found a transporter.
  5493 | D:5      | Noticed StarGazer's ghost (amateur DsAK)
  5951 | D:5      | Reached skill level 9 in Axes
  5996 | D:5      | Noticed Prince Ribbit
  6010 | D:5      | Killed Prince Ribbit
  6184 | D:5      | Found a glowing golden altar of the Shining One.
  6186 | D:5      | Noticed Grinder
  6201 | D:5      | Paralysed by Grinder for 3 turns
  6210 | D:5      | Paralysed by Grinder for 2 turns
  6213 | D:5      | Paralysed by Grinder for 7 turns
  6220 | D:5      | Killed Grinder
  6221 | D:5      | Reached skill level 10 in Axes
  6624 | D:5      | Reached XP level 9. HP: 67/79 MP: 9/9
  6676 | D:5      | Found a snail-covered altar of Cheibriados.
  7045 | D:6      | Reached skill level 11 in Axes
  7737 | D:5      | Reached skill level 12 in Axes
  7738 | D:5      | Killed StarGazer's ghost
  7967 | D:7      | Reached skill level 10 in Fighting
  7977 | D:7      | Reached XP level 10. HP: 62/93 MP: 10/10
  8306 | D:7      | Found Qalibb's Jewellery Boutique.
  8613 | D:7      | Found a broken altar of Ashenzari.
  8796 | D:7      | Reached skill level 13 in Axes
  9362 | D:8      | Noticed Grum
  9383 | D:8      | HP: 2/94 [Grum (17)]
  9388 | D:8      | HP: 1/94 [wolf[Grum] (2)]
  9400 | D:8      | Killed Grum
  9656 | D:8      | Found Veuthreall's Book Boutique.
  9669 | D:8      | Found Gourr's General Store.
  9676 | D:8      | Found Hiaf's Specific Store.
  9680 | D:8      | Bought a potion of invisibility for 80 gold pieces
 10382 | D:8      | Reached skill level 14 in Axes
 11234 | D:9      | Found a white marble altar of Elyvilon.
 11236 | D:9      | Found a sparkling altar of Nemelex Xobeh.
 11237 | D:9      | Found a sacrificial altar of Ru.
 11252 | D:9      | Found a stormy altar of Qazlal.
 11757 | D:9      | Reached XP level 11. HP: 12/105 MP: 11/11
 12147 | D:9      | Found a hide-covered altar of Uskayaw.
 12366 | D:9      | Found a shimmering blue altar of Sif Muna.
 12566 | D:10     | Entered Level 10 of the Dungeon
 13369 | D:10     | Reached skill level 15 in Axes
 13982 | D:11     | Noticed Erica
 13993 | D:11     | Killed Erica
 13994 | D:11     | Reached skill level 1 in Evocations
 14412 | D:11     | Found a staircase to the Lair.
 14903 | D:11     | Reached skill level 16 in Axes
 15279 | D:12     | Reached XP level 12. HP: 117/117 MP: 12/12
 15318 | D:12     | Found a staircase to the Orcish Mines.
 15381 | D:12     | Noticed a boulder beetle
 15395 | D:12     | HP: 5/118 [boulder beetle (4)]
 16184 | D:12     | Mangled by a boulder beetle

Illustrated notes

Levels and vault maps discovered:
D:1:      dpeg_arrival_simpleton_a, layout_basic, minmay_misc_feat_cross
D:2:      layout_basic
D:3:      layout_basic, mainiacjoe_overflow_brackets
D:4:      layout_loops_ring, nicolae_vehumet_altar_sigil, minitemple,
          temple_hall, uniq_eustachio, uniq_ijyb
D:5:      layout_loops_ring, lemuel_coloured_pillars_altar,
          mainiacjoe_overflow_catwalk, gammafunk_ghost_hive, uniq_pikel,
          uniq_prince_ribbit1, uniq_grinder
D:6:      layout_cave_pools, minmay_manual_monstrance
D:7:      layout_loops_corners, lemuel_tele_altar, serial_shops,
          nicolae_inconvenience_store
D:8:      layout_layer_cave, serial_bayou, serial_bayou_pond_c,
          serial_bayou_shore_b, serial_bayou_pond_a, serial_bayou_crossing,
          serial_shops, shop, nicolae_specific_store, uniq_grum
D:9:      layout_irregular_city, grunt_temple_overflow_open,
          mainiacjoe_overflow_chevrons, lemuel_blue_sif_altar
D:10:     layout_stronghold
D:11:     layout_basic, minmay_lair_entry_grove, uniq_erica
D:12:     layout_basic, zombieorc1_lemuel, kennysheep_decorative_pillar,
          minivault_25_ag
Temple:   pf_slime_end_temple

Skill      XL: |  1  2  3  4  5  6  7  8  9 10 11 |
---------------+----------------------------------+-----
Axes           | 3 4 5 6 8 10 12 14 16 | 16.0
Fighting       | 4 5 6 7 10 12 14 | 14.5
Shields        | 4 5 |  5.1
Armour         | 4 5 |  5.5
Throwing       | 1 |  1.0
Evocations     | 3 |  3.2

Action                   |  1- 3 |  4- 6 |  7- 9 | 10-12 || total
-------------------------+-------+-------+-------+-------++-------
Melee: War axe           |   104 |   133 |   204 |   588 ||  1029
       Unarmed           |       |     1 |       |       ||     1
Throw: Javelin           |       |       |     4 |     4 ||     8
Invok: Potion Petition   |       |       |       |     2 ||     2
  Use: Scroll            |     3 |     5 |     6 |     5 ||    19
       Potion            |       |       |     3 |     6 ||     9
 Stab: Distracted        |       |       |     2 |     3 ||     5
       Invisible         |       |       |       |     3 ||     3
Armor: Scale mail        |    52 |    21 |       |       ||    73
       Chain mail        |       |    32 |    80 |   188 ||   300
       Skin              |       |     3 |       |       ||     3
Dodge: Dodged            |    46 |    30 |    31 |    95 ||   202
Block: Kite shield       |    62 |    90 |   179 |   442 ||   773
       Reflection        |       |     2 |       |     4 ||     6
